 Dungeon Crawl Stone Soup version 0.27-a0-994-g5030419646 (webtiles) character file.

Game seed: 2271393462068551537

564 Feya the Ruffian (level 7, -2/66 HPs)
             Began as a Troll Berserker on Apr 16, 2021.
             Was a Priest of Trog.
             Slain by an ogre
             ... wielding a +0 giant club
              (23 damage)
             ... on level 6 of the Dungeon.
             The game lasted 00:13:59 (2853 turns).

Feya the Ruffian (Troll Berserker)                  Turns: 2853, Time: 00:14:00

Health: -2/66      AC:  8    Str: 26    XL:     7   Next: 10%
Magic:  6/6        EV:  8    Int: -1    God:    Trog [***...]
Gold:   205        SH:  8    Dex: 11    Spells: 6/6 levels left

rFire    . . .     SeeInvis .     - Unarmed
rCold    . . .     Faith    .   j - +0 kite shield
rNeg     + + +     Spirit   .   E - +3 robe of Monotheism {rElec rN+++ rCorr Int-4}
rPois    .         Reflect  .   (helmet restricted)
rElec    +         Harm     .   e - +0 cloak
rCorr    +         Rampage  .   (gloves unavailable)
Will     .....                  (boots unavailable)
Stlth    +.........             (no amulet)
HPRegen  1.21/turn              (no ring)
MPRegen  0.10/turn              (no ring)

@: slowed, lost intelligence, very slow
A: large, unfitting armour, claws 3, regeneration 1, shaggy fur 1, tough skin 1
a: Renounce Religion, Berserk, Trog's Hand


You were on level 6 of the Dungeon.
You worshipped Trog.
Trog was most pleased with you.
You visited 1 branch of the dungeon, and saw 6 of its levels.

You collected 205 gold pieces.

Inventory:

Hand Weapons
 B - a +0 giant spiked club
Missiles
 g - 27 bolts
 n - 19 poisoned darts
 u - 80 arrows
 v - 52 stones
Armour
 a - a +0 animal skin
 e - a +0 cloak (worn)
 j - a +0 kite shield (worn)
 s - a +0 pair of gloves
 E - the +3 robe of Monotheism (worn) {rElec rN+++ rCorr Int-4}
   (You found it on level 5 of the Dungeon)

   It affects your intelligence (-4).
   It insulates you from electricity.
   It renders you almost immune to negative energy.
   It protects you from acid and corrosion.
Magical Staves
 D - a staff of cold
Jewellery
 i - a ring of magical power
 m - a +4 ring of protection
Scrolls
 b - 2 scrolls of acquirement {unknown}
 c - 2 scrolls of brand weapon {unknown}
 d - 2 scrolls of fear {unknown}
 f - a scroll of teleportation {unknown}
 h - a scroll of vulnerability {unknown}
 k - 4 scrolls of identify {unknown}
 l - 2 scrolls of amnesia {unknown}
 r - 2 scrolls of blinking {unknown}
 t - a scroll of torment {unknown}
 w - a scroll of magic mapping {unknown}
 x - a scroll of enchant armour {unknown}
Potions
 p - 2 potions of berserk rage {unknown}
 q - 2 potions of lignification {unknown}
 z - a potion of attraction {unknown}
 A - a potion of brilliance {unknown}
 C - a potion of flight {unknown}


   Skills:
 + Level 2.9 Fighting
 * Level 4.5 Dodging
 + Level 0.1 Stealth
 + Level 1.8 Shields
 * Level 5.8 Unarmed Combat


You had 6 spell levels left.
You didn't know any spells.
Your spell library contained the following spells:

 Spells                   Type           Power      Damage    Failure   Level
 Beastly Appendage        Tmut           0%         N/A       98%         1
 Wereblood                Tmut           0%         N/A       99%         2
 Spider Form              Tmut/Pois      0%         N/A       100%        3
 Ice Form                 Ice/Tmut       0%         N/A       100%        4
 Hydra Form               Tmut           0%         N/A       100%        5


Dungeon Overview and Level Annotations

Branches:
Dungeon (6/15)             Temple (0/1) D:5

Altars:
Ashenzari
Makhleb
Trog
Vehumet
Yredelemnul
The Shining One


Innate Abilities, Weirdness & Mutations

You are too large for most types of armour.
You have claws for hands.
Your natural rate of healing is unusually fast.
You are covered in fur. (AC +1)
You have tough skin. (AC +1)


Message History

l - 2 scrolls labelled VOXKOI CUAMAGA (gained 1)
You see here a +0 ring mail.
You open the door.
There is an open door here.
There is an open door here.
There is a stone staircase leading down here.
You climb downwards. 4 gnolls, a gnoll shaman and an ogre come into view.
The gnoll shouts! x2; You hear a shout!
The gnoll shaman shouts!
Found a leather armour.
There is a stone staircase leading up here.
Attack: -) Claws
Press: ? - help, Dir - move target, f - gnoll shaman
Aim: a gnoll shaman, wielding a +0 club and wearing a +0 leather armour (about 36% to evade your claws)
Okay, then.
You barely miss the gnoll shaman. The gnoll shaman barely misses you.
A gnoll comes into view. It is wielding a +0 flail.
You block the gnoll's attack. x2
You claw the gnoll shaman!
The gnoll shaman is severely wounded.
You block the gnoll's attack. The gnoll shaman closely misses you.
The gnoll hits you with a +0 whip. The gnoll barely misses you.
The gnoll hits you but does no damage. The gnoll barely misses you.
The gnoll shaman hits you but does no damage.
You block the gnoll's attack.
You claw the gnoll shaman!
You kill the gnoll shaman!
Trog accepts your kill.
The gnoll hits you from afar with a +0 spear!
The gnoll hits you with a +0 flail! The gnoll barely misses you.
The ogre hits you with a +0 giant club.
The gnoll hits you from afar with a +0 spear.
The gnoll barely misses you. The gnoll closely misses you.
The gnoll hits you with a +0 club.
You scratch the ogre.
The ogre is moderately wounded.
The ogre hits you with a +0 giant club! The gnoll hits you with a +0 flail.
You block the gnoll's attack. x2; The gnoll completely misses you.
The ogre hits you with a +0 giant club!!
You die...

....#. ..#. .
......### .....
... ......#
#..#.# #..gO#
#.g.@#
#..ggg......
........#.#####
..#####.#... .
... #[# #.. .#
... # .##.


You could see an ogre and 5 gnolls.

Vanquished Creatures
  An ogre (D:4)
  A centaur (D:5)
  A kobold brigand (D:2)
  A jelly (D:5)
  A bullfrog skeleton (D:3)
  A gnoll shaman (D:6)
  2 iguanas
  2 orc wizards (D:3)
  3 adders (D:2)
  An ufetubus (D:5)
  2 adder skeletons
  3 dart slugs
  5 orcs
  5 endoplasms
  A giant cockroach (D:4)
  8 goblins
  7 hobgoblins
  15 jackals
  7 quokkas
  12 ball pythons
  5 bats
  5 frilled lizards
  4 kobolds
  7 rats
100 creatures vanquished.

Vanquished Creatures (others)
  12 withered plants (D:1)
12 creatures vanquished.

Grand Total: 112 creatures vanquished

Notes
Turn   | Place    | Note
-------+----------+-------------------------------------------
     0 | D:1      | Feya the Troll Berserker began the quest for the Orb.
     0 | D:1      | Reached XP level 1. HP: 22/22 MP: 0/0
   104 | D:1      | Reached XP level 2. HP: 21/29 MP: 1/1
   106 | D:1      | Found a faded altar of an unknown god.
   363 | D:1      | Reached ** piety under Trog
   497 | D:1      | Reached XP level 3. HP: 34/36 MP: 2/2
   765 | D:2      | Reached XP level 4. HP: 30/44 MP: 3/3
   803 | D:2      | Reached skill level 4 in Unarmed Combat
   894 | D:2      | Noticed a kobold brigand
   900 | D:2      | Killed a kobold brigand
   901 | D:2      | Reached XP level 5. HP: 46/50 MP: 4/4
  1208 | D:3      | Reached *** piety under Trog
  1373 | D:3      | Found a radiant altar of Vehumet.
  1374 | D:3      | Found a broken altar of Ashenzari.
  1377 | D:3      | Found a burning altar of Makhleb.
  1377 | D:3      | Found a glowing golden altar of the Shining One.
  1390 | D:3      | Reached skill level 5 in Unarmed Combat
  1392 | D:3      | Reached XP level 6. HP: 33/59 MP: 5/5
  1450 | D:5      | Entered Level 5 of the Dungeon
  1636 | D:4      | Found a basalt altar of Yredelemnul.
  1636 | D:4      | Found a bloodstained altar of Trog.
  2285 | D:5      | Identified the +3 robe of Monotheism {rElec rN+++ rCorr
                  | Int-4}
  2309 | D:5      | Lost intelligence.
  2324 | D:5      | Reached skill level 1 in Shields
  2475 | D:5      | Reached XP level 7. HP: 59/66 MP: 6/6
  2516 | D:5      | Found a staircase to the Ecumenical Temple.
  2853 | D:6      | Slain by an ogre

Illustrated notes

Levels and vault maps discovered:
D:1:      wander_arrival_lonely_grave, layout_loops_ring, serial_rivers,
          chequers_serial_rivers_large_a, chequers_serial_rivers_micro_c,
          chequers_serial_rivers_small_a, chequers_serial_rivers_marsh,
          chequers_serial_rivers_marsh, chequers_serial_rivers_micro_c,
          ebering_ecumenical_altar_petrified
D:2:      minmay_spotlight, layout_rooms
D:3:      layout_basic, grunt_temple_overflow_open
D:4:      layout_basic, amethyst_overflow_temple_binary, grunt_ministairs_5
D:5:      layout_gridville, temple_green, grunt_decor_cap, uniq_pikel
D:6:      layout_basic

Skill      XL: |  1  2  3  4  5  6 |
---------------+-------------------+-----
Dodging        | 3 4 |  4.5
Unarmed Combat | 4 5 |  5.8
Shields        | 1 |  1.8
Fighting       | |  2.9
Stealth        | |  0.1

Action                   |  1- 3 |  4- 6 |  7- 9 || total
-------------------------+-------+-------+-------++-------
Melee: Unarmed           |   122 |   167 |    10 ||   299
       Punch             |     1 |       |       ||     1
Armor: Animal skin       |    27 |       |       ||    27
       Robe              |    38 |    72 |    13 ||   123
Dodge: Dodged            |    95 |    75 |    19 ||   189
Block: Kite shield       |       |    87 |    21 ||   108

Table legend: (Time is in decaauts)
 A = Elapsed time spent in this place.
 B = Non-inter-level travel time spent in this place.
 C = Inter-level travel time spent in this place.
 D = Time resting spent in this place.
 E = Time spent auto-exploring this place.
 F = Levels seen in this place.
 G = Mean time per level.
                   A        B        C        D        E       F      G
               +--------+--------+--------+--------+--------+-----+--------+
         Total |   3167 |   3167 |      0 |      0 |      0 |   6 |  527.8 |
       Dungeon |   3167 |   3167 |      0 |      0 |      0 |   6 |  527.8 |
               +--------+--------+--------+--------+--------+-----+--------+

Top non-repeatable levels by time:
     D:5: 883 daAuts
     D:4: 846 daAuts
     D:1: 697 daAuts
     D:2: 497 daAuts
     D:3: 236 daAuts
     D:6: 6 daAuts
